 Dungeon Crawl Stone Soup version 0.29-a0-352-g0917bc69df (webtiles) character file.

Game seed: 3868930979942911316

8808 101zpm the Thaumaturge (level 11, -6/81 HPs)
             Began as a Gnoll Air Elementalist on Apr 23, 2022.
             Was an Elder of Sif Muna.
             Mangled by Snorg (9 damage)
             ... on level 10 of the Dungeon.
             The game lasted 01:13:46 (15773 turns).

101zpm the Thaumaturge (Gnoll Air Elementalist)    Turns: 15773, Time: 01:13:46

Health: -6/81      AC:  7    Str: 14    XL:     11   Next: 36%
Magic:  8/23       EV: 17    Int: 19    God:    Sif Muna [****..]
Gold:   534        SH: 12    Dex: 22    Spells: 10/26 levels left

rFire   + . .      SeeInvis .   C - +2 flail (protect)
rCold   + . .      Faith    .   v - +0 buckler "Gotaluynk" {rC+ Will+ Dex+4}
rNeg    . . .      Spirit   .   L - +0 robe {rF+}
rPois   .          Reflect  +   (no helmet)
rElec   .          Harm     .   G - +0 cloak
rCorr   .          Rampage  .   s - +2 pair of gloves
Will    +....                   (no boots)
Stlth   ++++......              p - amulet of reflection
HPRegen 0.23/turn               d - +6 ring of strength
MPRegen 0.18/turn               m - +6 ring of dexterity

@: channelling, very slightly contaminated
A: fangs 1, strong nose, distributed training
a: Renounce Religion, Channel Magic, Forget Spell, Divine Exegesis


You were on level 10 of the Dungeon.
You worshipped Sif Muna.
Sif Muna was greatly pleased with you.
You visited 2 branches of the dungeon, and saw 11 of its levels.

You collected 534 gold pieces.

Inventory:

Hand Weapons
 c - a +0 hand axe
 x - a +3 whip of venom
 C - a +2 flail of protection (weapon)
 D - a +0 spear
Missiles
 w - 4 throwing nets
 B - 7 boomerangs
Armour
 s - a +2 pair of gloves (worn)
 v - the +0 buckler "Gotaluynk" (worn) {rC+ Will+ Dex+4}
   (You acquired it on level 8 of the Dungeon)

   Dex:       It affects your dexterity (+4).
   rC:        It protects you from cold.
   Will:      It increases your willpower.
 G - a +0 cloak (worn)
 K - a +1 pair of gloves
 L - a +0 robe of fire resistance (worn)
Jewellery
 d - a +6 ring of strength (left hand)
 m - a +6 ring of dexterity (right hand)
 n - a ring of resist corrosion
 p - an amulet of reflection (around neck)
 q - an amulet of guardian spirit
 t - a ring of wizardry
 z - a ring of protection from cold
 O - a ring of see invisible
Wands
 u - a wand of polymorph (12)
 J - a wand of acid (1)
 M - a wand of flame (14)
 P - a wand of iceblast (12)
Scrolls
 a - 2 scrolls of enchant weapon {unknown}
 g - a scroll of fear
 j - a scroll of silence
 k - 2 scrolls of amnesia
 l - 4 scrolls of enchant armour
 y - a scroll of noise
 A - a scroll of identify
 E - a scroll of magic mapping
 N - 2 scrolls of teleportation {unknown}
 Q - a scroll of brand weapon {unknown}
 R - a scroll of vulnerability {unknown}
 S - a scroll of summoning
Potions
 b - a potion of magic
 e - 3 potions of brilliance {unknown}
 f - 3 potions of ambrosia {unknown}
 h - 4 potions of might {unknown}
 i - 3 potions of attraction {unknown}
 o - 6 potions of degeneration {unknown}
 r - 2 potions of flight {unknown}
 F - 2 potions of curing {unknown}
 H - a potion of mutation {unknown}
 I - a potion of lignification {unknown}


   Skills:
 + Level 6.2 Fighting
 + Level 6.2 Short Blades
 + Level 6.2 Long Blades
 + Level 6.2 Axes
 + Level 6.2 Maces & Flails
 + Level 6.2 Polearms
 + Level 6.2 Staves
 + Level 6.2 Slings
 + Level 6.2 Bows
 + Level 6.2 Crossbows
 + Level 6.2 Throwing
 + Level 6.2 Armour
 + Level 7.8 Dodging
 + Level 7.6 Stealth
 + Level 6.2 Shields
 + Level 6.2 Unarmed Combat
 + Level 8.1 Spellcasting
 + Level 5.6 Conjurations
 + Level 5.1 Hexes
 + Level 5.1 Summonings
 + Level 5.1 Necromancy
 + Level 5.1 Translocations
 + Level 5.1 Transmutations
 + Level 5.1 Fire Magic
 + Level 5.1 Ice Magic
 + Level 7.6 Air Magic
 + Level 5.1 Earth Magic
 + Level 5.1 Poison Magic
 + Level 6.8 Invocations
 + Level 6.2 Evocations


You had 10 spell levels left.
You knew the following spells:

 Your Spells              Type           Power      Damage    Failure   Level
a - Shock                 Conj/Air       100%       1d9       1%          1
b - Airstrike             Air            18%        N/A       4%          4
c - Frozen Ramparts       Ice            54%        1d7       4%          3
d - Hailstorm             Conj/Ice       28%        3d8       12%         4
e - Petrify               Tmut/Erth      27%        N/A       14%         4

Your spell library contained the following spells:

 Spells                   Type           Power      Damage    Failure   Level
 Animate Skeleton         Necr           54%        N/A       1%          1
 Apportation              Tloc           54%        N/A       1%          1
 Freeze                   Ice            100%       1d11      1%          1
 Summon Small Mammal      Summ           100%       N/A       1%          1
 Blink                    Tloc           54%        N/A       1%          2
 Static Discharge         Conj/Air       32%        N/A       1%          2
 Swiftness                Air            36%        N/A       1%          3
 Gell's Gravitas          Tloc           27%        N/A       4%          3
 Teleport Other           Tloc           27%        N/A       4%          3
 Manifold Assault         Tloc           27%        N/A       36%         5
 Metabolic Englaciation   Hex/Ice        13%        N/A       36%         5
 Dispersal                Tloc           13%        N/A       91%         6
 Statue Form              Tmut/Erth      18%        N/A       91%         6
 Storm Form               Tmut/Air       16%        N/A       100%        7


Dungeon Overview and Level Annotations

Branches:
Dungeon (10/15)            Temple (1/1) D:5            Lair (0/6) D:8
    Orc: D:9-12

Altars:
Ashenzari
Cheibriados
Dithmenos
Elyvilon
Fedhas
Gozag
Hepliaklqana
Kikubaaqudgha
Makhleb
Nemelex Xobeh
Okawaru
Qazlal
Ru
Sif Muna
Trog
Uskayaw
Vehumet
Wu Jian
Xom
Yredelemnul
Zin
The Shining One

Shops:
D:1 *   D:3 !

Annotations:
D:10 Snorg


Innate Abilities, Weirdness & Mutations

You have very sharp teeth.
Your uncanny sense of smell can sniff out nearby items.
Your experience applies equally to all skills.


Message History

Snorg completely misses you. Snorg misses you. Snorg bites you!
* * * LOW HITPOINT WARNING * * *
Snorg claws you.
* * * LOW HITPOINT WARNING * * *
You block Snorg's attack.
Casting: Shock (safe; 1% risk of failure)
Confirm with . or Enter, or press ? or * to list all spells.
Aiming: Petrify (dangerous; 14% risk of failure)
Press: ? - help, Shift-Dir - straight line, f/p - Snorg
Aim: Snorg (severely wounded, berserk, chance to affect: 24%)
You miscast Petrify.
You are very lightly contaminated with residual magic.
Your body is flooded with distortional energies.
You block Snorg's attack. Snorg claws you.
* * * LOW HITPOINT WARNING * * *
Snorg misses you. Snorg closely misses you. Snorg completely misses you.
Snorg barely misses you.
Snorg completely misses you. x2; Snorg closely misses you.
Casting: Petrify (dangerous; 14% risk of failure)
Confirm with . or Enter, or press ? or * to list all spells.
Okay, then.
Casting: Petrify (dangerous; 14% risk of failure)
Confirm with . or Enter, or press ? or * to list all spells.
Aiming: Airstrike (dangerous; 4% risk of failure)
Press: ? - help, Dir - move target, f/p - Snorg
Aim: Snorg (severely wounded, berserk, empty space bonus: 2/8)
The air twists around and strikes Snorg!
Snorg is severely wounded.
You block Snorg's attack. x2; Snorg completely misses you.
Casting: Airstrike (dangerous; 4% risk of failure)
Confirm with . or Enter, or press ? or * to list all spells.
Aiming: Airstrike (dangerous; 4% risk of failure)
Press: ? - help, Dir - move target, f/p - Snorg
Aim: Snorg (severely wounded, berserk, empty space bonus: 2/8)
The air twists around and strikes Snorg!
Snorg is severely wounded.
Snorg bites you!
* * * LOW HITPOINT WARNING * * *
Snorg claws you!
You die...

#### ...#
#############
##.###############
#..(.........
...............T.#
#)###########
##.######## #@# #.# #
.....# #.####.#######
# .....#####
#.#..........# #
.........#
#....#.#####.# #
.....###.#
###.......)....# #
.....# #.#
##......#.#####.#####
##.###
#.####.......<.#
#..)))) #.#
#......#######.#
#.##### #.# #.......#
#.#####.#####


You could see Snorg (berserk).

Vanquished Creatures
  Erolcha (D:9)
  A gargoyle (D:7)
  Maggie (D:9)
  A hornet (D:5)
  2 vampires
  13 yaks
  2 wyverns (D:10)
  Grum (D:9)
  2 wargs (D:8)
  An acid dragon (D:10)
  2 water moccasins
  A sky beast (D:7)
  2 orc warriors
  2 ice beasts (D:6)
  2 wolves (D:9)
  3 ogres
  6 centaurs
  A phantom (D:5)
  4 kobold brigands
  4 bullfrogs
  3 gnoll sergeants
  2 scorpions
  3 wights (D:7)
  12 killer bees (D:9)
  7 howler monkeys
  2 jellies
  A hound (D:7)
  6 orc priests
  2 iguanas
  5 orc wizards
  A mummy (D:8)
  25 gnolls
  5 adders
  4 shadow imps
  3 white imps
  An ufetubus (D:4)
  4 worms
  4 dart slugs
  23 orcs
  6 endoplasms
  5 giant cockroaches
  5 hobgoblins
  2 jackals (D:1)
  28 kobolds
  2 quokkas (D:1)
  11 ball pythons
  3 bats
  2 frilled lizards (D:2)
  9 goblins
  7 rats
  A butterfly (D:5)
246 creatures vanquished.

Vanquished Creatures (collateral kills)
  An orc warrior (D:9)
  An orc wizard (D:9)
  An orc (D:9)
3 creatures vanquished.

Grand Total: 249 creatures vanquished

Notes
Turn   | Place    | Note
-------+----------+-------------------------------------------
     0 | D:1      | 101zpm the Gnoll Air Elementalist began the quest for the
                  | Orb.
     0 | D:1      | Reached XP level 1. HP: 13/13 MP: 6/6
    11 | D:1      | Found a faded altar of an unknown god.
   293 | D:1      | Reached XP level 2. HP: 17/19 MP: 4/7
   969 | D:1      | Found an iron altar of Okawaru.
  1068 | D:1      | Found Cyowu's General Store.
  1191 | D:1      | Reached XP level 3. HP: 25/25 MP: 7/9
  1391 | D:2      | Reached skill level 5 in Spellcasting
  1735 | D:2      | Reached skill level 1 in Invocations
  1786 | D:2      | Reached skill level 1 in Fighting
  1786 | D:2      | Reached skill level 1 in Short Blades
  1786 | D:2      | Reached skill level 1 in Long Blades
  1786 | D:2      | Reached skill level 1 in Axes
  1786 | D:2      | Reached skill level 1 in Maces & Flails
  1786 | D:2      | Reached skill level 1 in Polearms
  1786 | D:2      | Reached skill level 1 in Staves
  1786 | D:2      | Reached skill level 1 in Slings
  1786 | D:2      | Reached skill level 1 in Bows
  1786 | D:2      | Reached skill level 1 in Crossbows
  1786 | D:2      | Reached skill level 1 in Throwing
  1786 | D:2      | Reached skill level 1 in Armour
  1786 | D:2      | Reached skill level 1 in Shields
  1786 | D:2      | Reached skill level 1 in Unarmed Combat
  1786 | D:2      | Reached skill level 1 in Evocations
  2293 | D:2      | Reached XP level 4. HP: 32/32 MP: 8/11
  2655 | D:2      | Learned a level 4 spell: Airstrike
  2862 | D:3      | Reached skill level 1 in Hexes
  2862 | D:3      | Reached skill level 1 in Summonings
  2862 | D:3      | Reached skill level 1 in Necromancy
  2862 | D:3      | Reached skill level 1 in Translocations
  2862 | D:3      | Reached skill level 1 in Transmutations
  2862 | D:3      | Reached skill level 1 in Fire Magic
  2862 | D:3      | Reached skill level 1 in Ice Magic
  2862 | D:3      | Reached skill level 1 in Earth Magic
  2862 | D:3      | Reached skill level 1 in Poison Magic
  3076 | D:3      | Reached XP level 5. HP: 37/37 MP: 7/12
  3324 | D:3      | Found Hinwapocs's Distillery.
  3654 | D:4      | Reached XP level 6. HP: 15/44 MP: 1/13
  3903 | D:5      | Entered Level 5 of the Dungeon
  4041 | D:6      | Reached skill level 5 in Dodging
  4138 | D:5      | Found a staircase to the Ecumenical Temple.
  4181 | Temple   | Entered the Ecumenical Temple
  4699 | Temple   | Became a worshipper of Sif Muna the Loreminder
  4928 | D:5      | Learned a level 3 spell: Frozen Ramparts
  4972 | D:5      | Reached XP level 7. HP: 51/51 MP: 6/15
  5342 | D:5      | Noticed a hornet
  5408 | D:5      | Killed a hornet
  5409 | D:5      | Reached skill level 5 in Stealth
  5412 | D:5      | Reached XP level 8. HP: 47/57 MP: 1/16
  5888 | D:5      | Reached skill level 6 in Spellcasting
  5889 | D:5      | Reached * piety under Sif Muna
  7411 | D:6      | Noticed a vampire
  7779 | D:6      | Reached ** piety under Sif Muna
  7935 | D:6      | Reached XP level 9. HP: 65/65 MP: 4/18
  8564 | D:7      | Noticed a gargoyle
  8775 | D:8      | Identified a scroll of acquirement
  8995 | D:8      | Acquired the +0 buckler "Gotaluynk" {rC+ Will+ Dex+4}
  9538 | D:8      | Found a staircase to the Lair.
 10184 | D:9      | Reached skill level 5 in Invocations
 10438 | D:9      | Reached skill level 7 in Spellcasting
 10438 | D:9      | Reached XP level 10. HP: 73/73 MP: 8/20
 10449 | D:9      | Reached skill level 5 in Fighting
 10449 | D:9      | Reached skill level 5 in Short Blades
 10449 | D:9      | Reached skill level 5 in Long Blades
 10449 | D:9      | Reached skill level 5 in Axes
 10449 | D:9      | Reached skill level 5 in Maces & Flails
 10449 | D:9      | Reached skill level 5 in Polearms
 10449 | D:9      | Reached skill level 5 in Staves
 10449 | D:9      | Reached skill level 5 in Slings
 10449 | D:9      | Reached skill level 5 in Bows
 10449 | D:9      | Reached skill level 5 in Crossbows
 10449 | D:9      | Reached skill level 5 in Throwing
 10449 | D:9      | Reached skill level 5 in Armour
 10449 | D:9      | Reached skill level 5 in Shields
 10449 | D:9      | Reached skill level 5 in Unarmed Combat
 10449 | D:9      | Reached skill level 5 in Evocations
 11067 | D:7      | Killed a gargoyle
 11173 | D:7      | Reached *** piety under Sif Muna
 12200 | D:9      | Reached skill level 5 in Conjurations
 12340 | D:9      | Learned a level 4 spell: Hailstorm
 12345 | D:9      | Learned a level 4 spell: Petrify
 12395 | D:9      | Noticed Grum
 12402 | D:9      | Killed Grum
 12606 | D:9      | Noticed Erolcha
 12610 | D:9      | Killed Erolcha
 12772 | D:9      | Noticed Maggie
 12945 | D:6      | Reached XP level 11. HP: 64/81 MP: 6/22
 13622 | D:9      | Reached skill level 5 in Hexes
 13622 | D:9      | Reached skill level 5 in Summonings
 13622 | D:9      | Reached skill level 5 in Necromancy
 13622 | D:9      | Reached skill level 5 in Translocations
 13622 | D:9      | Reached skill level 5 in Transmutations
 13622 | D:9      | Reached skill level 5 in Fire Magic
 13622 | D:9      | Reached skill level 5 in Ice Magic
 13622 | D:9      | Reached skill level 5 in Earth Magic
 13622 | D:9      | Reached skill level 5 in Poison Magic
 13799 | D:9      | Killed Maggie
 14323 | D:9      | Reached skill level 8 in Spellcasting
 14590 | D:10     | Entered Level 10 of the Dungeon
 14603 | D:10     | Reached **** piety under Sif Muna
 14825 | D:10     | Noticed Snorg
 15308 | D:10     | Found a snail-covered altar of Cheibriados.
 15773 | D:10     | HP: 3/81 [Snorg (12)]
 15773 | D:10     | Mangled by Snorg

Illustrated notes

Levels and vault maps discovered:
D:1:      dpeg_arrival_lava_altar, layout_basic, serial_shops,
          nicolae_lakefront_shop, dreamdust_ecumenical_altar_statues
D:2:      minmay_inner_zag, layout_loops_ring, hangedman_decor_clover_reticule
D:3:      layout_rooms, serial_shops, nicolae_shop_stone, st_stairs_13,
          kennysheep_generic_room_3
D:4:      layout_loops_ring, hangedman_abyss_or_decor_stagger
D:5:      layout_basic, minmay_temple_entry_butterflies, serial_glass,
          glass_columns_c, glass_columns_a, minmay_strange_pillars,
          minmay_strange_pillars
D:6:      layout_basic
D:7:      layout_loops_corners
D:8:      layout_gridville, erik_lair_orcish_takeover, gup_ossuary_entry_pyramid
D:9:      layout_basic, nzn_life_drinkers, uniq_maggie, uniq_erolcha, uniq_grum
D:10:     layout_loops_ring, mainiacjoe_overflow_surrounded_room, uniq_snorg
Temple:   mainiacjoe_temple_trianglar_array

Skill      XL: |  1  2  3  4  5  6  7  8  9 10 11 |
---------------+----------------------------------+-----
Conjurations   | 2 3 4 5 |  5.6
Spellcasting   | 5 6 7 8 |  8.1
Invocations    | 1 2 3 4 5 6 |  6.8
Fighting       | 1 2 3 4 5 6 |  6.2
Short Blades   | 1 2 3 4 5 6 |  6.2
Long Blades    | 1 2 3 4 5 6 |  6.2
Axes           | 1 2 3 4 5 6 |  6.2
Maces & Flails | 1 2 3 4 5 6 |  6.2
Polearms       | 1 2 3 4 5 6 |  6.2
Staves         | 1 2 3 4 5 6 |  6.2
Slings         | 1 2 3 4 5 6 |  6.2
Bows           | 1 2 3 4 5 6 |  6.2
Crossbows      | 1 2 3 4 5 6 |  6.2
Throwing       | 1 2 3 4 5 6 |  6.2
Armour         | 1 2 3 4 5 6 |  6.2
Shields        | 1 2 3 4 5 6 |  6.2
Unarmed Combat | 1 2 3 4 5 6 |  6.2
Evocations     | 1 2 3 4 5 6 |  6.2
Hexes          | 1 2 3 4 5 |  5.1
Summonings     | 1 2 3 4 5 |  5.1
Necromancy     | 1 2 3 4 5 |  5.1
Translocations | 1 2 3 4 5 |  5.1
Transmutations | 1 2 3 4 5 |  5.1
Fire Magic     | 1 2 3 4 5 |  5.1
Ice Magic      | 1 2 3 4 5 |  5.1
Earth Magic    | 1 2 3 4 5 |  5.1
Poison Magic   | 1 2 3 4 5 |  5.1
Dodging        | 5 6 7 |  7.8
Stealth        | 5 6 7 |  7.6
Air Magic      | 6 7 |  7.6

Action                   |  1- 3 |  4- 6 |  7- 9 | 10-12 || total
-------------------------+-------+-------+-------+-------++-------
Melee: Hand axe          |       |    15 |     1 |       ||    16
       Bite              |       |     3 |     5 |     8 ||    16
       Flail             |       |       |    30 |    40 ||    70
       Whip              |       |       |     5 |       ||     5
 Cast: Shock             |    76 |    87 |   140 |    90 ||   393
       Airstrike         |       |     7 |    46 |    70 ||   123
       Frozen Ramparts   |       |       |    11 |    12 ||    23
       Petrify           |       |       |       |     1 ||     1
Invok: Channel Magic     |       |       |       |     1 ||     1
  Use: Scroll            |       |       |    10 |     2 ||    12
 Stab: Sleeping          |       |       |     1 |       ||     1
Armor: Robe              |     2 |     4 |    11 |    10 ||    27
Dodge: Dodged            |     5 |    20 |    48 |    67 ||   140
Block: Orb               |       |       |     8 |       ||     8
       Reflection        |       |       |     5 |     5 ||    10
       Buckler           |       |       |    16 |    82 ||    98

Table legend: (Time is in decaauts)
 A = Elapsed time spent in this place.
 B = Non-inter-level travel time spent in this place.
 C = Inter-level travel time spent in this place.
 D = Time resting spent in this place.
 E = Time spent auto-exploring this place.
 F = Levels seen in this place.
 G = Mean time per level.
                   A        B        C        D        E       F      G
               +--------+--------+--------+--------+--------+-----+--------+
         Total |  15878 |  15255 |    623 |   4335 |   9340 |  11 | 1443.5 |
       Dungeon |  15334 |  14757 |    577 |   4200 |   8980 |  10 | 1533.4 |
        Temple |    543 |    498 |     45 |    135 |    360 |   1 |  543.0 |
               +--------+--------+--------+--------+--------+-----+--------+

Top non-repeatable levels by time:
     D:9: 2578 daAuts
     D:5: 1940 daAuts
     D:7: 1897 daAuts
     D:6: 1531 daAuts
     D:2: 1478 daAuts
     D:8: 1429 daAuts
     D:1: 1298 daAuts
    D:10: 1186 daAuts
     D:4: 1183 daAuts
     D:3: 812 daAuts
  Temple: 543 daAuts
